 Dungeon Crawl Stone Soup version 0.22-a0-443-g17c3723 (webtiles) character file.

6088 4thArraOfDagon the Fighter (level 10, 0/92 HPs)
             Began as a Grey Draconian Fire Elementalist on June 1, 2018.
             Succumbed to Grum's poison
             ... on level 11 of the Dungeon.
             The game lasted 00:16:21 (3153 turns).

4thArraOfDagon the Fighter (DrFE)                   Turns: 3153, Time: 00:16:23

Health: 0/92       AC: 13    Str: 15    XL:     10   Next: 58%
Magic:  11/19      EV: 12    Int: 19    God:
Gold:   382        SH:  0    Dex: 12    Spells: 9/22 levels left

rFire    . . .     SeeInvis .   k - +0 halberd
rCold    + . .     Gourm    .   (shield currently unavailable)
rNeg     . . .     Faith    .   (armour unavailable)
rPois    .         Spirit   .   (helmet restricted)
rElec    .         Reflect  .   d - +0 cloak
rCorr    .         Harm     .   (no gloves)
MR       .....                  (no boots)
Stlth    +++.......             (no amulet)
HPRegen  0.25/turn              g - ring of stealth
MPRegen  0.16/turn              j - ring of protection from cold

@: mighty, lethally poisoned (0 -> -6)
A: walk through water, unfitting armour, hooves 1, blurry vision 1, unbreathing,
cold-blooded, AC +12
a: no special abilities


You were on level 11 of the Dungeon.
You were not hungry.

You visited 2 branches of the dungeon, and saw 12 of its levels.
You also visited: Bailey.

You collected 382 gold pieces.

Inventory:

Hand Weapons
 a - a +0 trident
 k - a +0 halberd (weapon)
Armour
 d - a +0 cloak (worn)
 l - the -3 pair of gloves of Gravitas {rC+ rN+ Int-2}
   (You found it in a bailey)

   It affects your intelligence (-2).
   It protects you from cold.
   It protects you from negative energy.
Jewellery
 g - a ring of stealth (left hand)
 j - a ring of protection from cold (right hand)
Wands
 o - a wand of random effects (21)
Scrolls
 c - a scroll of enchant weapon
 e - a scroll of remove curse
 f - a scroll of teleportation
 i - a scroll of noise
Potions
 m - a potion of might
 r - a potion of flight
Comestibles
 b - 8 rations


   Skills:
 + Level 9.7 Fighting
 - Level 1.7 Dodging
 - Level 1.7 Stealth
 - Level 6.5 Spellcasting
 - Level 8.1 Conjurations
 - Level 8.7 Fire Magic


You had 9 spell levels left.
You knew the following spells:

 Your Spells              Type           Power        Failure   Level  Hunger
a - Flame Tongue          Conj/Fire      #####        1%          1    None
b - Conjure Flame         Conj/Fire      #####...     1%          3    ##.....
c - Sticky Flame          Conj/Fire      #####...     3%          4    ####...
d - Fireball              Conj/Fire      #####.....   9%          5    #####..

Your spell library contained the following spells:

 Spells                   Type           Power        Failure   Level  Hunger
 Throw Flame              Conj/Fire      #####.       1%          2    None
 Inner Flame              Hex/Fire       ###.....     5%          3    ##.....


Dungeon Overview and Level Annotations

Branches:
Dungeon (11/15)            Temple (1/1) D:5
   Lair: D:8-11         Orc: D:9-12

Altars:
Cheibriados
Dithmenos
Elyvilon
Fedhas
Hepliaklqana
Kikubaaqudgha
Makhleb
Nemelex Xobeh
Sif Muna
Trog
Uskayaw
Wu Jian
Xom
Yredelemnul
Zin

Annotations:
D:4 kirsanium's ghost, amateur DDFi
D:5 4thArraOfDagon's ghost, amateur GnMo; Sigmund


Innate Abilities, Weirdness & Mutations

You can walk through water.
Your dull iron-grey scales are very hard. (AC +12)
You cannot fit into any form of body armour.
You can survive without breathing.
You are cold-blooded and may be slowed by cold attacks.
You have large cloven feet.
Scrolls take you a little longer to read.


Message History

* * * LOW HITPOINT WARNING * * *
You feel sick.
There is an open door here.
Unknown command.
* * * LOW HITPOINT WARNING * * *
You feel sick.
You close the door.
* * * LOW HITPOINT WARNING * * *
You feel sick.
Put on which piece of jewellery? (? for menu, Esc to quit)
Okay, then.
Okay, then.
You feel very mighty all of a sudden.
* * * LOW HITPOINT WARNING * * *
You feel sick.
* * * LOW HITPOINT WARNING * * *
You feel sick.
* * * LOW HITPOINT WARNING * * *
You feel sick.
You die...

############
#..........# #$...
#....[.....# #.... .
#..........# #....
.C..######...@......#
+....
.......(.#..)∩).....#
#....
....####.+...)......+
#.... .
###..........# #....
#..........# #...(
#..........# #...(
#..........# ##+##
######..#### #.#
###.....#### #.##


There were no monsters in sight!

Vanquished Creatures
  4 two-headed ogres (D:11)
  A hornet (D:11)
  A hippogriff (D:8)
  A shadow (D:11)
  3 yaks (D:10)
  Grum (D:11)
  9 orc warriors
  An ice beast (D:11)
  An ogre (D:5)
  A black bear (D:6)
  2 centaurs
  3 wolves (D:11)
  3 bullfrogs
  2 scorpions
  A howler monkey (D:8)
  2 electric eels (D:8)
  3 bullfrog zombies
  A hound (D:6)
  2 jellies
  An orc priest (D:6)
  2 bullfrog skeletons
  A centaur skeleton (D:6)
  An iguana (D:6)
  3 orc wizards
  A worker ant (D:11)
  A hound skeleton (D:4)
  A worker ant zombie (D:6)
  2 gnolls (D:8)
  7 adders
  3 shadow imps
  An adder zombie (D:6)
  A dart slug (D:3)
  2 leopard geckos
  18 orcs
  A bat (D:3)
  A giant cockroach (D:7)
  A goblin (D:3)
  2 jackals (D:6)
  A kobold (D:2)
  A quokka (D:5)
  A frilled lizard (D:5)
  A rat (D:3)
96 creatures vanquished.

Notes
Turn   | Place    | Note
-------+----------+-------------------------------------------
     0 | D:1      | 4thArraOfDagon the Draconian Fire Elementalist began the quest for the Orb.
     0 | D:1      | Reached XP level 1. HP: 14/14 MP: 3/3
   158 | D:3      | Reached XP level 2. HP: 20/20 MP: 1/5
   289 | D:4      | Found a burning altar of Makhleb.
   304 | D:3      | Reached XP level 3. HP: 17/26 MP: 1/6
   322 | D:3      | Learned a level 3 spell: Conjure Flame
   351 | D:4      | Noticed kirsanium's ghost (amateur DDFi)
   387 | D:4      | Noticed a scorpion
   419 | D:4      | Killed a scorpion
   419 | D:4      | Reached XP level 4. HP: 29/33 MP: 0/7
   428 | D:4      | Learned a level 4 spell: Sticky Flame
   433 | D:5      | Entered Level 5 of the Dungeon
   458 | D:5      | Noticed an ogre
   536 | D:5      | Reached XP level 5. HP: 37/38 MP: 3/9
   707 | D:5      | Killed an ogre
   707 | D:5      | Reached XP level 6. HP: 22/45 MP: 5/10
   742 | D:5      | Noticed Sigmund
   743 | D:5      | Noticed 4thArraOfDagon's ghost (amateur GnMo)
   789 | D:5      | Found a staircase to the Ecumenical Temple.
   817 | D:6      | Noticed an orc warrior
   877 | D:6      | Reached skill level 5 in Fire Magic
  1129 | D:6      | Noticed an orc warrior
  1152 | D:6      | Killed an orc warrior
  1152 | D:6      | Your scales start taking on a dull iron-grey colour.
  1152 | D:6      | Reached XP level 7. HP: 43/50 MP: 3/12
  1152 | D:6      | Gained mutation: You can survive without breathing. [Grey Draconian growth]
  1214 | D:6      | Reached skill level 5 in Conjurations
  1365 | D:6      | HP: 2/50 [black bear (5)]
  1379 | D:6      | Found a shadowy altar of Dithmenos.
  1633 | D:7      | Reached XP level 8. HP: 51/57 MP: 11/14
  1668 | D:7      | Found a basalt altar of Yredelemnul.
  1743 | Temple   | Entered the Ecumenical Temple
  1892 | D:8      | Noticed a hippogriff
  1994 | D:8      | Killed a hippogriff
  2050 | D:8      | Learned a level 5 spell: Fireball
  2224 | D:9      | Noticed a cyan ugly thing
  2264 | D:10     | Entered Level 10 of the Dungeon
  2283 | D:10     | Reached skill level 5 in Spellcasting
  2327 | D:11     | Reached XP level 9. HP: 62/62 MP: 7/16
  2372 | D:11     | Noticed a two-headed ogre
  2388 | D:11     | Killed a two-headed ogre
  2483 | D:11     | Reached skill level 1 in Fighting
  2519 | D:11     | Noticed a two-headed ogre
  2519 | D:11     | Noticed a two-headed ogre
  2520 | D:11     | Noticed a two-headed ogre
  2526 | D:11     | Gained mutation: Scrolls take you a little longer to read. [potion of mutation]
  2526 | D:11     | Gained mutation: You have large cloven feet. [potion of mutation]
  2527 | D:11     | Killed a two-headed ogre
  2527 | D:11     | Reached skill level 3 in Fighting
  2539 | D:11     | Killed a two-headed ogre
  2539 | D:11     | Reached skill level 6 in Fighting
  2539 | D:11     | Reached XP level 10. HP: 44/83 MP: 1/19
  2584 | D:11     | Killed a two-headed ogre
  2584 | D:11     | Reached skill level 7 in Fighting
  2631 | D:11     | Noticed a cyclops
  2665 | D:11     | Noticed Grum
  2667 | D:11     | Paralysed by a hornet for 1 turns
  2669 | D:11     | Reached skill level 8 in Fighting
  2686 | D:11     | Found a flagged portal.
  2694 | D:11     | Got a dazzling halberd
  2697 | Bailey   | Entered a bailey
  2698 | Bailey   | Identified the cursed +1 halberd "Keypt" {chop, Fragile +Blink Dex+4} (You found it on level 11 of the Dungeon)
  3001 | Bailey   | Reached skill level 9 in Fighting
  3022 | Bailey   | Got a pair of ichor-stained gloves
  3028 | Bailey   | Identified the -3 pair of gloves of Gravitas {rC+ rN+ Int-2} (You found it in a bailey)
  3133 | D:11     | Killed Grum
  3149 | D:11     | HP: 4/92 [poisoned by Grum]
  3152 | D:11     | HP: 1/92 [poisoned by Grum]
  3153 | D:11     | Succumbed to Grum's poison

Vault maps used:
D:1:      lightli_arrival_flooded_house, grunt_decor_one_mirror,
          patterned_corridor
D:2:      chequers_temple_overflow_statue_of_worship
D:3:      nicolae_overflow_hidden_temple, serial_park_tiny_1
D:4:      overflow_temple_1_default, nicolae_overflow_crystal_walls,
          first_ration
D:5:      nicolae_ru_awakened_eye, nicolae_qazlal_general_emergency,
          minmay_temple_entry_from_below_b, serial_shops, kennysheep_mini_moat,
          st_stairs_14, kennysheep_nondescript, kennysheep_potato, uniq_sigmund,
          uniq_grinder
D:6:      marbit_many_paths
D:7:      basic_altar
D:8:      statuecave_lemuel
D:9:      okawaru_humans, orc_0_dummy
D:10:     dpeg_lair_monsters, serial_shops, kennysheep_mini
D:11:     enter_bailey_2, uniq_grum
Temple:   nicolae_temple_figure_eight
Bailey:   bailey_polearm_1, bailey

Skill      XL: |  1  2  3  4  5  6  7  8  9 10 |
---------------+-------------------------------+-----
Conjurations   | 2 3 4 5 7 8 |  8.1
Fire Magic     | 4 5 6 8 |  8.7
Spellcasting   | 3 4 5 6 |  6.5
Fighting       | 6 9 |  9.7
Dodging        | |  1.7
Stealth        | |  1.7

Action                   |  1- 3 |  4- 6 |  7- 9 | 10-12 || total
-------------------------+-------+-------+-------+-------++-------
Melee: Unarmed           |    22 |     6 |       |       ||    28
       Trident           |       |    32 |    68 |    23 ||   123
       Tailslap          |       |     1 |     5 |     1 ||     7
       Halberd           |       |       |       |    23 ||    23
       Kick              |       |       |       |     8 ||     8
 Cast: Flame Tongue      |    26 |    36 |    43 |    33 ||   138
       Conjure Flame     |       |     3 |     7 |     2 ||    12
       Sticky Flame      |       |     2 |    10 |     5 ||    17
       Fireball          |       |       |     2 |     4 ||     6
Evoke: Wand              |       |       |     3 |     7 ||    10
  Use: Scroll            |     1 |     5 |     7 |     1 ||    14
       Potion            |     2 |     1 |     5 |     2 ||    10
  Eat: Chunk             |       |     1 |     5 |     5 ||    11
       Ration            |       |     1 |       |       ||     1
Armor: Skin              |     8 |    19 |    79 |    25 ||   131
Dodge: Dodged            |    20 |    46 |    74 |    47 ||   187

Table legend:
 A = Spawn XP
 B = Non-spawn XP
 C = Spawn XP percentage of total XP
 D = Spawn monster count
 E = Non-spawn monster count
 F = Spawn count percentage of total count
 G = Total turns spent on level
                    A         B        C        D         E        F      G
               +---------+---------+-------+---------+---------+-------+---------
         Total |       0 |    8698 |   0.0 |       0 |      96 |   0.0 |  3153
               +---------+---------+-------+---------+---------+-------+---------
           D:2 |       0 |       5 |   0.0 |       0 |       2 |   0.0 |   118
           D:3 |       0 |      38 |   0.0 |       0 |       7 |   0.0 |   170
           D:4 |       0 |      90 |   0.0 |       0 |       2 |   0.0 |   112
           D:5 |       0 |     278 |   0.0 |       0 |      10 |   0.0 |   397
           D:6 |       0 |     993 |   0.0 |       0 |      25 |   0.0 |   669
           D:7 |       0 |      29 |   0.0 |       0 |       3 |   0.0 |   288
           D:8 |       0 |     603 |   0.0 |       0 |       8 |   0.0 |   342
          D:10 |       0 |     674 |   0.0 |       0 |       4 |   0.0 |    61
          D:11 |       0 |    5018 |   0.0 |       0 |      18 |   0.0 |   398
        Bailey |       0 |     970 |   0.0 |       0 |      17 |   0.0 |   430
               +---------+---------+-------+---------+---------+-------+---------
